 Dungeon Crawl Stone Soup version 0.23.2-1-ga50397a (webtiles) character file.

Game seed: 11125451526643776416

53 GuyDeFluk the Sneak (level 3, -1/16 HPs)
             Began as a Spriggan Enchanter on May 13, 2019.
             Slain by a gnoll
             ... wielding a +0 whip
              (9 damage)
             ... on level 2 of the Dungeon.
             The game lasted 00:08:08 (3010 turns).

GuyDeFluk the Sneak (Spriggan Enchanter)            Turns: 3010, Time: 00:08:09

Health: -1/16      AC:  2    Str:  5    XL:     3   Next: 64%
Magic:  8/8        EV: 18    Int: 16    God:
Gold:   97         SH:  0    Dex: 16    Spells: 6/7 levels left

rFire    . . .     SeeInvis +   a - +1 dagger
rCold    . . .     Gourm    .   (shield restricted)
rNeg     . . .     Faith    .   b - +0 robe
rPois    .         Spirit   .   (helmet restricted)
rElec    .         Reflect  .   (no cloak)
rCorr    .         Harm     .   (gloves unavailable)
MR       .....                  (boots unavailable)
Stlth    +++.......             (no amulet)
HPRegen  0.05/turn              (no ring)
MPRegen  0.11/turn              (no ring)

@: very quick
A: very small, unfitting armour, see invisible, herbivore, speed 3, slow
metabolism 2
a: no special abilities


You were on level 2 of the Dungeon.
You were not hungry.

You visited 1 branch of the dungeon, and saw 2 of its levels.

You collected 97 gold pieces.

Inventory:

Hand Weapons
 a - a +1 dagger (weapon)
Armour
 b - a +0 robe (worn)
Scrolls
 c - 5 scrolls of identify
 e - 2 scrolls of remove curse
 f - 4 scrolls of amnesia
 h - a scroll of noise {unknown}
 j - a scroll of enchant weapon {unknown}
Potions
 g - 2 potions of curing
 i - a potion of agility {unknown}
Comestibles
 d - 6 rations


   Skills:
 * Level 3.3 Short Blades
 - Level 3.0 Dodging
 + Level 5.4 Stealth
 - Level 2.6 Spellcasting
 - Level 3.6 Hexes


You had 6 spell levels left.
You knew the following spells:

 Your Spells              Type           Power        Failure   Level  Hunger
a - Corona                Hex            ##.....      4%          1    #......

Your spell library contained the following spells:

 Spells                   Type           Power        Failure   Level  Hunger
 Confusing Touch          Hex            ##....       4%          1    #......
 Confuse                  Hex            ##......     13%         3    ###....
 Tukima's Dance           Hex            ##......     13%         3    ###....
 Ensorcelled Hibernation  Hex/Ice        #.....       14%         2    ##.....
 Animate Skeleton         Necr           N/A          19%         1    #......
 Apportation              Tloc           #.....       19%         1    #......
 Summon Small Mammal      Summ           #...         19%         1    #......
 Dazzling Spray           Conj/Hex       #.....       28%         3    ###....


Dungeon Overview and Level Annotations

Branches:
Dungeon (2/15)

Altars:
Hepliaklqana

Annotations:
D:2 Natasha


Innate Abilities, Weirdness & Mutations

You are very small and have problems with some larger weapons.
You are too small for most types of armour.
You have supernaturally acute eyesight. (SInv)
You are a herbivore.
You cover ground extremely quickly.
You need to consume almost no food.


Message History

HP restored.
The gnoll shouts!
The gnoll throws a throwing net.
The throwing net hits you.
You become entangled in the net!
You see here a throwing net.
You tear a large gash into the net.
You struggle against the net.
The gnoll closely misses you.
You rip the net and break free!
The gnoll barely misses you.
You closely miss the gnoll. The gnoll hits you with a +0 whip.
The gnoll hits you with a +0 whip!
You hit the gnoll.
The gnoll is lightly wounded.
The gnoll barely misses you.
You hit the gnoll.
The gnoll is moderately wounded.
You closely miss the gnoll.
The gnoll is moderately wounded.
The gnoll hits you with a +0 whip!
Ouch! That really hurt!
You die...

...# ##########... ##.#
#........... #.# #.########.#
#.#################..g..####.#
#.#..............g........)..#
#.######.##########.#######..##
#.# #.# #...).......# ##.#
#.##########........#..## ...#
#.......@g.#........#.... #..#
#..........#....###.#.... #..#
#..........#.##.# .......
#..######..........#..#..
.#.....
#>.....[...................
.#...
#..#######.........#..#..##
##... #..# #.........##.#...#
#...
#..#######................+
#...
#.........................+
#...


You could see a gnoll.

Vanquished Creatures
  A gnoll (D:2)
  An ooze (D:2)
  A dart slug (D:1)
  A leopard gecko (D:2)
  4 giant cockroaches
  7 hobgoblins
  6 kobolds
  A quokka (D:2)
  7 bats
  2 frilled lizards (D:1)
  A goblin (D:1)
  2 rats (D:1)
34 creatures vanquished.

Notes
Turn   | Place    | Note
-------+----------+-------------------------------------------
     0 | D:1      | GuyDeFluk the Spriggan Enchanter began the quest for the
                  | Orb.
     0 | D:1      | Reached XP level 1. HP: 9/9 MP: 5/5
   107 | D:1      | Reached XP level 2. HP: 7/13 MP: 6/6
  1011 | D:1      | Reached skill level 5 in Stealth
  1580 | D:2      | Reached XP level 3. HP: 12/16 MP: 8/8
  1983 | D:2      | Found a hazy altar of Hepliaklqana.
  2283 | D:2      | Noticed Natasha
  3010 | D:2      | Slain by a gnoll

Skill      XL: |  1  2  3 |
---------------+----------+-----
Short Blades   | 2 3 |  3.3
Stealth        | 5 |  5.4
Dodging        | |  3.0
Spellcasting   | |  2.6
Hexes          | |  3.6

Action                   || total
-------------------------++-------
Melee: Dagger            ||   241
  Use: Scroll            ||     4
 Stab: Sleeping          ||    11
Armor: Robe              ||    11
Dodge: Dodged            ||   146
